 Dungeon Crawl Stone Soup version 0.31-a0-931-g7b59d4eb97 (webtiles) character file.

Game seed: 14748662085722986450

1050 Ekaitz the Digger (level 8, 0/41 HPs)
             Began as a Deep Elf Earth Elementalist on Oct 19, 2023.
             Slain by an elf zombie (3 damage)
             ... in an ossuary.
             The game lasted 00:11:59 (4418 turns).

Ekaitz the Digger (Deep Elf Earth Elementalist)     Turns: 4418, Time: 00:11:59

Health: 0/41       AC:  5    Str: 11    XL:     8   Next: 5%
Magic:  3/18       EV: 14    Int: 21    God:
Gold:   282        SH:  0    Dex: 17    Spells: 4/18 levels left

rFire   . . .        a - +3 dagger
rCold   . . .        (no shield)
rNeg    . . .        C - +0 robe
rPois   .            (no helmet)
rElec   .            y - +0 cloak
rCorr   .            q - +0 pair of gloves
SInv    .            r - +0 pair of boots
Will    ++...        (no amulet)
Stlth   +++          l - ring of willpower
HPRegen 0.26/turn    F - +6 ring of strength
MPRegen 0.16/turn

%: no passive effects
@: mighty, attractive, enlightened, flying
A: mutation resistance 1, wild magic 1
a: no special abilities


You were in an ossuary.
You visited 1 branch of the dungeon, and saw 4 of its levels.
You also visited: Ossuary.

You collected 282 gold pieces.

Inventory:

Hand Weapons
 a - a +3 dagger (weapon)
 d - a +4 spear
 e - a +3 trident
 u - a +6 club
Missiles
 g - a curare-tipped dart
 i - 2 throwing nets
 B - 17 poisoned darts
Armour
 q - a +0 pair of gloves (worn)
 r - a +0 pair of boots (worn)
 y - a +0 cloak (worn)
 C - a +0 robe (worn)
Magical Staves
 n - a staff of death
Jewellery
 l - a ring of willpower (left hand)
 F - a +6 ring of strength (right hand)
Scrolls
 c - 3 scrolls of enchant armour {unknown}
 f - 5 scrolls of teleportation {unknown}
 h - a scroll of blinking {unknown}
 k - a scroll of poison {unknown}
 o - a scroll of summoning {unknown}
 p - a scroll of enchant weapon {unknown}
 s - 2 scrolls of amnesia {unknown}
 t - 2 scrolls of revelation {unknown}
 w - a scroll of immolation {unknown}
 x - a scroll of fear {unknown}
 A - a scroll of silence {unknown}
 D - a scroll of identify {unknown}
 G - a scroll of noise {unknown}
 J - a scroll of fog {unknown}
Potions
 b - a potion of magic
 m - 2 potions of cancellation
 z - 2 potions of haste {unknown}
 H - a potion of heal wounds {unknown}
 I - a potion of degeneration {unknown}
 K - a potion of curing
 L - a potion of mutation


   Skills:
 + Level 0.1 Fighting
 + Level 1.0 Short Blades
 * Level 4.4 Dodging
 + Level 3.7 Stealth
 + Level 5.7 Spellcasting
 * Level 2.3 Conjurations
 * Level 3.2 Necromancy
 + Level 1.2 Transmutations
 * Level 6.9 Earth Magic
 * Level 3.1 Evocations


You had 4 spell levels left.
You knew the following spells:

 Your Spells              Type           Power      Damage    Failure   Level
a - Sandblast             Erth           90%        2d19      1%          1
b - Passwall              Tmut/Erth      25%        N/A       4%          2
c - Stone Arrow           Conj/Erth      66%        3d11      7%          3
d - Brom's Barrelling Bo  Conj/Erth      33%        2d5       21%         4
e - Petrify               Tmut/Erth      30%        N/A       26%         4

Your spell library contained the following spells:

 Spells                   Type           Power      Damage    Failure   Level
 Lesser Beckoning         Tloc           14%        N/A       22%         2
 Gell's Gravitas          Tloc           7%         N/A       38%         3
 Teleport Other           Tloc           7%         N/A       38%         3


Dungeon Overview and Level Annotations

Branches:
Dungeon (4/15)            Ossuary (1/1)
 Temple: D:4-7

Altars:

Annotations:
D:3 2 runed translucent doors


Innate Abilities, Weirdness & Mutations

You are somewhat resistant to further mutation.
Your spells are a little harder to cast, but a little more powerful.


Message History

The elf zombie hits you.
* * * LOW HITPOINT WARNING * * *
Casting: Sandblast (safe; 1% risk of failure)
Confirm with . or Enter, or press ? or * to list all spells.
Aiming: Sandblast (safe; 1% risk of failure)
Press: ? - help, Shift-Dir - straight line, f/p - elf zombie
Aim: an elf zombie (almost destroyed, 85% to hit)
The blast of sand hits the elf zombie.
The elf zombie is almost destroyed.
The elf zombie closely misses you.
Unknown command.
You hit the elf zombie but do no damage.
The elf zombie is almost destroyed.
Casting: Sandblast (safe; 1% risk of failure)
Confirm with . or Enter, or press ? or * to list all spells.
Aiming: Sandblast (safe; 1% risk of failure)
Press: ? - help, Shift-Dir - straight line, f/p - elf zombie
Aim: an elf zombie (almost destroyed, 85% to hit)
The blast of sand hits the elf zombie.
You destroy the elf zombie!
Your Short Blades skill increases to level 1!
You have reached level 8!
You feel clever.
Unknown command.
It was a potion of attraction.
You feel attractive to monsters. The elf zombie hits you!
* * * LOW HITPOINT WARNING * * *
You hit the elf zombie.
The elf zombie is lightly damaged.
The elf zombie hits you.
* * * LOW HITPOINT WARNING * * *
It was a potion of enlightenment.
You feel very buoyant.
You fly up into the air.
The elf zombie hits you but does no damage.
It was a potion of might.
You feel very mighty all of a sudden. The elf zombie hits you.
You die...

### ###.### ##.....##
#.......# #.......#
#.......# ##.....## ###.###
#@# #### ###Z### #####
##...# ##.ZZZ.## ##...##
#..... #.......# #.....#
##....Z###...∩...###.....##
#...M.Z.'...∩∩∩...'.......#
##....Z###...∩...###.....##
#..... #.......# #.....#
##...# ##.....## ##...##


You could see an elf zombie and 3 human zombies.

Vanquished Creatures
  4 kobold brigands (D:3)
  4 elf zombies (Ossuary)
  A jelly (D:2)
  2 centaur zombies (Ossuary)
  A human zombie (Ossuary)
  Jessica (D:2)
  An iguana (D:4)
  2 mummies (Ossuary)
  14 gnolls
  4 adders
  4 worms
  4 dart slugs
  3 endoplasms
  7 goblins
  14 hobgoblins
  9 jackals
  3 quokkas (D:1)
  2 ball pythons (D:1)
  6 bats
  4 frilled lizards
  42 kobolds
  8 rats
140 creatures vanquished.

Notes
Turn   | Place    | Note
-------+----------+-------------------------------------------
     0 | D:1      | Ekaitz the Deep Elf Earth Elementalist began the quest for
                  | the Orb.
     0 | D:1      | Reached XP level 1. HP: 10/10 MP: 6/6
   152 | D:1      | Reached XP level 2. HP: 15/15 MP: 6/8
   155 | D:1      | Learned a level 2 spell: Passwall
   531 | D:1      | Reached skill level 4 in Earth Magic
   701 | D:1      | Reached XP level 3. HP: 19/19 MP: 4/9
  1231 | D:2      | Learned a level 3 spell: Stone Arrow
  1451 | D:2      | Found a faded altar of an unknown god.
  1482 | D:2      | Reached XP level 4. HP: 24/24 MP: 7/11
  1487 | D:2      | Learned a level 4 spell: Brom's Barrelling Boulder
  1628 | D:2      | Reached skill level 1 in Necromancy
  1789 | D:2      | Noticed Jessica
  1797 | D:2      | Killed Jessica
  1798 | D:2      | Reached skill level 5 in Earth Magic
  2083 | D:3      | Reached XP level 5. HP: 28/28 MP: 8/12
  2374 | D:3      | Found a large runed translucent door.
  2375 | D:3      | Found a large runed translucent door.
  2776 | D:3      | Reached skill level 1 in Conjurations
  2776 | D:3      | Reached skill level 1 in Evocations
  2776 | D:3      | Reached XP level 6. HP: 13/32 MP: 0/14
  3014 | D:3      | Gained mutation: Your spells are a little harder to cast,
                  | but a little more powerful. [potion of mutation]
  3014 | D:3      | Gained mutation: You are somewhat resistant to further
                  | mutation. [potion of mutation]
  3036 | D:3      | Reached skill level 6 in Earth Magic
  3257 | D:3      | Reached skill level 5 in Spellcasting
  3267 | D:3      | Reached XP level 7. HP: 22/36 MP: 7/16
  3748 | D:4      | Found a sand-covered staircase.
  3873 | D:4      | Learned a level 4 spell: Petrify
  4066 | Ossuary  | Entered an ossuary
  4415 | Ossuary  | Reached skill level 1 in Short Blades
  4415 | Ossuary  | Reached XP level 8. HP: 13/41 MP: 2/18
  4418 | Ossuary  | Slain by an elf zombie

Illustrated notes

Levels and vault maps discovered:
D:1:      dpeg_arrival_fog, layout_loops_ring, serial_bayou_pond_e
D:2:      layout_loops_corners, dreamdust_ecumenical_altar_grove,
          grunt_decor_resistance, kennysheep_nub, minmay_pentomino_p2,
          uniq_jessica
D:3:      minmay_goblin_kobold_castle, layout_rooms, jmf_multi_god_temple2,
          kennysheep_generic_room_13
D:4:      layout_loops_ring, enter_ossuary_5, minivault_14, hellmonk_no_cap
Ossuary:  ossuary_minmay_four_chambers

Skill      XL: |  1  2  3  4  5  6  7 |
---------------+----------------------+-----
Earth Magic    | 4 5 6 |  6.9
Necromancy     | 1 2 3 |  3.2
Stealth        | 3 |  3.7
Dodging        | 3 4 |  4.4
Spellcasting   | 4 5 |  5.7
Conjurations   | 1 2 |  2.3
Evocations     | 1 3 |  3.1
Short Blades   | 1 |  1.0
Fighting       | |  0.1
Transmutations | |  1.2

Action                     |  1- 3 |  4- 6 |  7- 9 || total
---------------------------+-------+-------+-------++-------
  Melee: Dagger            |    16 |    45 |    75 ||   136
         Punch             |       |     1 |       ||     1
   Cast: Sandblast         |    34 |    92 |    16 ||   142
         Passwall          |     6 |     1 |     1 ||     8
         Stone Arrow       |       |     6 |    17 ||    23
    Use: Potion            |       |     6 |     3 ||     9
   Stab: Sleeping          |     8 |     6 |     1 ||    15
 Armour: Robe              |     5 |    65 |    60 ||   130
  Dodge: Dodged            |    16 |    80 |    55 ||   151

Table legend: (Time is in decaauts)
 A = Elapsed time spent in this place.
 B = Non-inter-level travel time spent in this place.
 C = Inter-level travel time spent in this place.
 D = Time resting spent in this place.
 E = Time spent auto-exploring this place.
 F = Levels seen in this place.
 G = Mean time per level.
                   A        B        C        D        E       F      G
               +--------+--------+--------+--------+--------+-----+--------+
         Total |   4503 |   4358 |    145 |    304 |   2935 |   5 |  900.6 |
       Dungeon |   4148 |   4003 |    145 |    197 |   2827 |   4 | 1037.0 |
       Ossuary |    355 |    355 |      0 |    107 |    108 |   1 |  355.0 |
               +--------+--------+--------+--------+--------+-----+--------+

Top non-repeatable levels by time:
     D:3: 1666 daAuts
     D:2: 1129 daAuts
     D:1: 1009 daAuts
 Ossuary: 355 daAuts
     D:4: 343 daAuts
